3AAA
ALLOWAY HALBERDS @ SUNSET DISTRICT FOG
07/05/2033
 
TOP OF THE 1ST
Alloway Halberds batting - Pitching for Sunset District Fog : RHP Jeff Mahl
Pitching: RHP Jeff Mahl
Batting: RHB Jordan Hollins 0-0: Ball
1-0: Ball
2-0: Called Strike
2-1: Swinging Strike
2-2: Ball
3-2: Ground out 6-3 (Groundball, 6D)
Batting: LHB José Zarate 0-0: Ball
1-0: Foul Ball, location: 2F
1-1: Ball
2-1: Foul Ball, location: 2F
2-2: Foul Ball, location: 2F
2-2: Foul Ball, location: 2F
2-2: Ball
3-2: Ground out 4-3 (Groundball, 4MS)
Batting: LHB Salvador Ramírez 0-0: Ball
1-0: Called Strike
1-1: Foul Ball, location: 2F
1-2: Ground out 4-3 (Groundball, 4)
Top of the 1st over - 0 runs, 0 hits, 0 errors, 0 left on base; Alloway 0 - Sunset District 0
BOTTOM OF THE 1ST
Sunset District Fog batting - Pitching for Alloway Halberds : LHP Gilberto Ramírez
Pitching: LHP Gilberto Ramírez
Batting: SHB José Ángel 0-0: Ball
1-0: Ball
2-0: Ball
3-0: Base on Balls
Batting: LHB Arnold England 0-0: Ball
1-0: Foul Ball, location: 2F
1-1: Ball
2-1: Foul Ball, location: 2F
2-2: Foul Ball, location: 2F
2-2: Strikes out looking
Batting: RHB Cristián Coronado 0-0: Ball
José Ángel is caught stealing 2nd base
1-0: Fly out, F8 (Flyball, 8LXD)
Bottom of the 1st over - 0 runs, 0 hits, 0 errors, 0 left on base; Alloway 0 - Sunset District 0
TOP OF THE 2ND
Alloway Halberds batting - Pitching for Sunset District Fog : RHP Jeff Mahl
Batting: RHB Manny Gonzáles 0-0: Ball
1-0: Foul Ball, location: 2F
1-1: Ball
2-1: Ground out 6-3 (Groundball, 6)
Batting: LHB Mike Clifton 0-0: Called Strike
0-1: Ball
1-1: Ball
2-1: Foul Ball, location: 2F
2-2: Ball
3-2: Base on Balls
Batting: RHB Juan Salinas 0-0: Called Strike
0-1: Foul Ball, location: 2F
0-2: Ball
1-2: Foul Ball, location: 2F
1-2: Foul Ball, location: 2F
1-2: Foul Ball, location: 2F
1-2: Foul Ball, location: 2F
1-2: SINGLE (Line Drive, 4)
Mike Clifton to second
Batting: RHB Carlos Ramírez 0-0: Ball
1-0: Foul Ball, location: 2F
1-1: Ground out 4-3 (Groundball, 4S)
Mike Clifton to third
Juan Salinas to second
Batting: RHB Kelly Harris 0-0: Called Strike
0-1: Ball
1-1: DOUBLE (Line Drive, 7D)
Mike Clifton scores
Juan Salinas scores
Batting: RHB Bryan Clifton 0-0: Ball
1-0: Ball
2-0: Called Strike
2-1: Fly out, F8 (Flyball, 89D)
Top of the 2nd over - 2 runs, 2 hits, 0 errors, 1 left on base; Alloway 2 - Sunset District 0
BOTTOM OF THE 2ND
Sunset District Fog batting - Pitching for Alloway Halberds : LHP Gilberto Ramírez
Batting: RHB Xavier Gama 0-0: Called Strike
0-1: SINGLE (Flyball, 8LS)
Batting: LHB Ieyoshi Samurakami 0-0: Ball
1-0: Called Strike
Xavier Gama steals 2nd base
1-1: Ground out 4-3 (Groundball, 4)
Xavier Gama to third
Batting: SHB Charles Weber 0-0: Called Strike
0-1: Fly out, F7 (Flyball, 7S)
Runner from 3rd tags up, SCORES, no throw
Batting: RHB Rob Ingram 0-0: Ball
1-0: Ball
2-0: Ball
3-0: Base on Balls
Batting: SHB José Rico 0-0: Swinging Strike
0-1: Foul Ball, location: 2F
0-2: Foul Ball, location: 2F
0-2: Ball
1-2: Foul Ball, location: 2F
1-2: Ball
2-2: Foul Ball, location: 2F
2-2: Foul Ball, location: 2F
Pickoff Throw to First - Error! E1
Rob Ingram to second
2-2: Foul Ball, location: 2F
2-2: Fly out, F9 (Flyball, 9)
Bottom of the 2nd over - 1 run, 1 hit, 1 error, 1 left on base; Alloway 2 - Sunset District 1
TOP OF THE 3RD
Alloway Halberds batting - Pitching for Sunset District Fog : RHP Jeff Mahl
Batting: RHB Jordan Hollins 0-0: Called Strike
0-1: Ground out 6-3 (Groundball, 6)
Batting: LHB José Zarate 0-0: Ball
1-0: Ball
2-0: Foul Ball, location: 2F
2-1: Foul Ball, location: 2F
2-2: Foul Ball, location: 2F
2-2: Foul Ball, location: 2F
2-2: Ball
3-2: Foul Ball, location: 2F
3-2: Strikes out swinging
Batting: LHB Salvador Ramírez 0-0: Ball
1-0: Called Strike
1-1: Swinging Strike
1-2: Ball
2-2: Ball
3-2: Base on Balls
Batting: RHB Manny Gonzáles 0-0: Ball
1-0: Fly out, F8 (Flyball, 78XD)
Top of the 3rd over - 0 runs, 0 hits, 0 errors, 1 left on base; Alloway 2 - Sunset District 1
BOTTOM OF THE 3RD
Sunset District Fog batting - Pitching for Alloway Halberds : LHP Gilberto Ramírez
Batting: RHB Mikael Evangjeli 0-0: Ball
1-0: Foul Ball, location: 2F
1-1: Ball
2-1: Foul Ball, location: 2F
2-2: Foul Ball, location: 2F
2-2: Ball
3-2: Strikes out swinging
Batting: SHB José Ángel 0-0: Ball
1-0: Foul Ball, location: 2F
1-1: Ball
2-1: Foul Ball, location: 2F
2-2: Ground out 5-3 (Groundball, 25)
Batting: LHB Arnold England 0-0: Ground out 4-3 (Groundball, 4)
Bottom of the 3rd over - 0 runs, 0 hits, 0 errors, 0 left on base; Alloway 2 - Sunset District 1
TOP OF THE 4TH
Alloway Halberds batting - Pitching for Sunset District Fog : RHP Jeff Mahl
Batting: LHB Mike Clifton 0-0: Ball
1-0: Foul Ball, location: 2F
1-1: Called Strike
1-2: SINGLE (Groundball, 34D)
Batting: RHB Juan Salinas 0-0: Fly out, F8 (Flyball, 8LM)
Batting: RHB Carlos Ramírez 0-0: Ball
1-0: Called Strike
1-1: Grounds into double play, 4-6-3 (Groundball, 4)
Top of the 4th over - 0 runs, 1 hit, 0 errors, 0 left on base; Alloway 2 - Sunset District 1
BOTTOM OF THE 4TH
Sunset District Fog batting - Pitching for Alloway Halberds : LHP Gilberto Ramírez
Batting: RHB Cristián Coronado 0-0: Ball
1-0: SINGLE (Line Drive, 56)
Batting: RHB Xavier Gama 0-0: Ball
1-0: Ball
2-0: Ball
3-0: Called Strike
3-1: Called Strike
3-2: SINGLE (Groundball, 34D)
Cristián Coronado to second
Runner from 2nd tries for 3rd, SAFE, no throw
Batting: LHB Ieyoshi Samurakami 0-0: Ball
1-0: Fly out, F8 (Flyball, 89D)
Runner from 3rd tags up, SCORES, throw made
Batting: SHB Charles Weber 0-0: Called Strike
0-1: Ball
1-1: DOUBLE (Line Drive, 8LD)
Xavier Gama to third
Pinch Runner at 2nd Javier Carretero:
Batting: RHB Rob Ingram 0-0: Fly out, F8 (Flyball, 8LM)
Runner from 3rd tags up, OUT at HOME
Bottom of the 4th over - 1 run, 3 hits, 0 errors, 1 left on base; Alloway 2 - Sunset District 2
TOP OF THE 5TH
Alloway Halberds batting - Pitching for Sunset District Fog : RHP Jeff Mahl
Now at C: Javier Carretero
Batting: RHB Kelly Harris 0-0: Called Strike
0-1: Called Strike
0-2: Ball
1-2: Ball
2-2: Ground out 6-3 (Groundball, 6M)
Batting: RHB Bryan Clifton 0-0: Called Strike
0-1: Foul Ball, location: 2F
0-2: SINGLE (Flyball, 9LS)
Batting: RHB Jordan Hollins 0-0: Ball
1-0: Fly out, F8 (Line Drive, 8LD)
Batting: LHB José Zarate 0-0: Ball
1-0: Ball
2-0: Foul Ball, location: 2F
2-1: Foul Ball, location: 2F
2-2: Ground out 4-3 (Groundball, 4)
Top of the 5th over - 0 runs, 1 hit, 0 errors, 1 left on base; Alloway 2 - Sunset District 2
BOTTOM OF THE 5TH
Sunset District Fog batting - Pitching for Alloway Halberds : LHP Gilberto Ramírez
Batting: SHB José Rico 0-0: Called Strike
0-1: Called Strike
0-2: Strikes out swinging
Batting: RHB Mikael Evangjeli 0-0: Fly out, F7 (Flyball, 78S)
Batting: SHB José Ángel 0-0: Ball
1-0: Ball
2-0: Ball
3-0: Called Strike
3-1: Called Strike
3-2: Strikes out swinging
Bottom of the 5th over - 0 runs, 0 hits, 0 errors, 0 left on base; Alloway 2 - Sunset District 2
TOP OF THE 6TH
Alloway Halberds batting - Pitching for Sunset District Fog : RHP Jeff Mahl
Batting: LHB Salvador Ramírez 0-0: Ball
1-0: Ball
2-0: Ball
3-0: Base on Balls
Pitching: RHP Kendarian Handy-Holly
Batting: RHB Manny Gonzáles 0-0: Called Strike
0-1: Ball
1-1: Ball
2-1: Swinging Strike
2-2: Ball
3-2: Foul Ball, location: 2F
3-2: Base on Balls
Salvador Ramírez to second
Batting: LHB Mike Clifton 0-0: Called Strike
0-1: Ball
1-1: Swinging Strike
1-2: Strikes out swinging
Batting: RHB Juan Salinas 0-0: Called Strike
0-1: Ball
Wild Pitch!
Salvador Ramírez to third
Manny Gonzáles to second
1-1: Ground out 1-3 (Groundball, 13)
Batting: RHB Carlos Ramírez 0-0: Ball
1-0: Ball
2-0: Ground out 5-3 (Groundball, 56)
Top of the 6th over - 0 runs, 0 hits, 0 errors, 2 left on base; Alloway 2 - Sunset District 2
BOTTOM OF THE 6TH
Sunset District Fog batting - Pitching for Alloway Halberds : LHP Gilberto Ramírez
Batting: LHB Arnold England 0-0: Ball
1-0: Ball
2-0: Foul Ball, location: 2F
2-1: Ball
3-1: Base on Balls
Batting: RHB Cristián Coronado 0-0: Ball
1-0: Ball
2-0: Grounds into double play, 3-6-1 (Groundball, 3)
Batting: RHB Xavier Gama 0-0: Called Strike
0-1: Ball
1-1: SINGLE (Groundball, 6MD)
Batting: LHB Ieyoshi Samurakami 0-0: Ball
1-0: Called Strike
Xavier Gama steals 2nd base
1-1: Foul Ball, location: 2F
1-2: Foul Ball, location: 2F
1-2: Foul Ball, location: 2F
1-2: Strikes out swinging
Bottom of the 6th over - 0 runs, 1 hit, 0 errors, 1 left on base; Alloway 2 - Sunset District 2
TOP OF THE 7TH
Alloway Halberds batting - Pitching for Sunset District Fog : RHP Kendarian Handy-Holly
Batting: RHB Kelly Harris 0-0: Called Strike
0-1: Foul Ball, location: 2F
0-2: Ball
1-2: Ball
2-2: Ball
3-2: Base on Balls
Batting: RHB Bryan Clifton 0-0: Ball
1-0: Bunted foul
1-1: Sac Bunt - play at first, batter OUT! 1-4
Kelly Harris to second
Batting: RHB Jordan Hollins 0-0: Called Strike
0-1: Swinging Strike
0-2: Ball
1-2: Foul Ball, location: 2F
1-2: Foul Ball, location: 2F
1-2: Ball
2-2: Strikes out swinging
Batting: LHB José Zarate 0-0: Ball
1-0: Ball
2-0: DOUBLE (Line Drive, 7LS)
Kelly Harris scores
Batting: LHB Salvador Ramírez 0-0: Ball
1-0: Foul Ball, location: 2F
1-1: Ball
2-1: Swinging Strike
2-2: Strikes out swinging
Top of the 7th over - 1 run, 1 hit, 0 errors, 1 left on base; Alloway 3 - Sunset District 2
BOTTOM OF THE 7TH
Sunset District Fog batting - Pitching for Alloway Halberds : LHP Gilberto Ramírez
Now at 1B: Jorge López
Batting: RHB Javier Carretero 0-0: Fly out, F6 (Line Drive, 6)
Batting: RHB Rob Ingram 0-0: Foul Ball, location: 2F
0-1: Ball
1-1: Ball
2-1: Called Strike
2-2: Foul Ball, location: 2F
2-2: Ball
3-2: Base on Balls
Batting: SHB José Rico 0-0: Grounds into double play, 5-4-3 (Groundball, 56)
Bottom of the 7th over - 0 runs, 0 hits, 0 errors, 0 left on base; Alloway 3 - Sunset District 2
TOP OF THE 8TH
Alloway Halberds batting - Pitching for Sunset District Fog : RHP Kendarian Handy-Holly
Batting: RHB Manny Gonzáles 0-0: Called Strike
0-1: Ball
1-1: Ball
2-1: Hit by Pitch
Batting: LHB Mike Clifton 0-0: Called Strike
0-1: Called Strike
0-2: Ball
1-2: Fly out, F3 (Line Drive, 34)
Batting: RHB Juan Salinas 0-0: Swinging Strike
0-1: 2-RUN HOME RUN (Flyball, 78XD), Distance : 435 ft
Pitching: RHP António Marés
Batting: RHB Carlos Ramírez 0-0: Ball
1-0: Ground out 5-3 (Groundball, 56)
Batting: RHB Kelly Harris 0-0: Swinging Strike
0-1: Foul Ball, location: 2F
0-2: Foul Ball, location: 2F
0-2: Foul Ball, location: 2F
0-2: Ball
1-2: Strikes out swinging
Top of the 8th over - 2 runs, 1 hit, 0 errors, 0 left on base; Alloway 5 - Sunset District 2
BOTTOM OF THE 8TH
Sunset District Fog batting - Pitching for Alloway Halberds : LHP Gilberto Ramírez
Batting: RHB Mikael Evangjeli 0-0: Called Strike
0-1: Ball
1-1: TRIPLE (Flyball, 8LXD)
Batting: SHB José Ángel 0-0: Swinging Strike
0-1: Foul Ball, location: 2F
0-2: Foul Ball, location: 2F
0-2: SINGLE (Groundball, 6MD)
Mikael Evangjeli scores
Pitching: RHP Domingo Álvarez
Batting: LHB Arnold England 0-0: Foul Ball, location: 2F
0-1: Foul Ball, location: 2F
0-2: Strikes out swinging
Batting: RHB Cristián Coronado 0-0: Ball
1-0: Swinging Strike
1-1: Swinging Strike
1-2: Foul Ball, location: 2F
1-2: Foul Ball, location: 2F
1-2: Strikes out swinging
Batting: RHB Xavier Gama 0-0: Ball
1-0: Foul Ball, location: 2F
1-1: Ball
2-1: Called Strike
2-2: Fly out, F8 (Flyball, 78D)
Bottom of the 8th over - 1 run, 2 hits, 0 errors, 1 left on base; Alloway 5 - Sunset District 3
TOP OF THE 9TH
Alloway Halberds batting - Pitching for Sunset District Fog : RHP António Marés
Batting: RHB Bryan Clifton 0-0: Ball
1-0: Called Strike
1-1: Fly out, F8 (Flyball, 8LM)
Batting: RHB Jordan Hollins 0-0: Ball
1-0: Ball
2-0: Ball
3-0: Base on Balls
Batting: RHB Jorge López 0-0: Ball
1-0: Called Strike
1-1: Ball
2-1: Ball
3-1: Called Strike
3-2: Ground out 4-3 (Groundball, 4M)
Jordan Hollins to second
Batting: LHB Salvador Ramírez 0-0: Ball
1-0: Called Strike
1-1: Foul Ball, location: 2F
1-2: Ball
2-2: Ball
3-2: Foul Ball, location: 2F
3-2: SINGLE (Line Drive, 4D)
Jordan Hollins to third
Jordan Hollins scores
Batting: RHB Manny Gonzáles 0-0: Fielders Choice at 2nd, 6-4 (Groundball, 6)
Top of the 9th over - 1 run, 1 hit, 0 errors, 1 left on base; Alloway 6 - Sunset District 3
BOTTOM OF THE 9TH
Sunset District Fog batting - Pitching for Alloway Halberds : RHP Domingo Álvarez
Pitching: RHP Joe Martarano
Batting: LHB Ieyoshi Samurakami 0-0: Ball
1-0: Called Strike
1-1: Fly out, F8 (Flyball, 8LM)
Batting: RHB Javier Carretero 0-0: Ball
1-0: Ball
2-0: SINGLE (Groundball, 56D)
Batting: RHB Rob Ingram 0-0: Called Strike
0-1: Swinging Strike
0-2: Strikes out swinging
Batting: SHB José Rico 0-0: Ball
1-0: Ground out 4-3 (Groundball, 4M)
Bottom of the 9th over - 0 runs, 1 hit, 0 errors, 1 left on base; Alloway 6 - Sunset District 3
Saturday, December 22nd, 2018 - OOTP Baseball 18.8 Build 76